 Dungeon Crawl Stone Soup version 0.20-a0-309-gcba9277 (webtiles) character file.

124 Lianjan the Shooter (level 4, -5/36 HPs)
             Began as a Centaur Hunter on Dec 18, 2016.
             Killed from afar by HobsGoblin's ghost (7 damage)
             ... with a magic dart
             ... on level 3 of the Dungeon.
             The game lasted 00:08:34 (3531 turns).

Lianjan the Shooter (Centaur Hunter)                Turns: 3531, Time: 00:08:35

Health: -5/36      AC:  5    Str: 15    XL:     4   Next: 81%
Magic:  4/4        EV:  9    Int: 10    God:
Gold:   107        SH:  0    Dex: 10    Spells: 3/3 levels left

rFire  . . .     SeeInvis .     a - +1 shortbow
rCold  . . .     Gourm    .     c - +0 leather armour
rNeg   . . .     Faith    .     (shield currently unavailable)
rPois  .         Spirit   .     (no helmet)
rElec  .         Reflect  .     b - +0 cloak
rCorr  .         Harm     .     (no gloves)
MR     .....                    (no barding)
Stlth  +.........               (no amulet)
                                (no ring)
                                (no ring)

@: very quick
A: hooves 3, deformed body, speed 2, tough skin 3
a: no special abilities


You were on level 3 of the Dungeon.
You were not hungry.

You visited 1 branch of the dungeon, and saw 3 of its levels.

You collected 107 gold pieces.

Inventory:

Hand Weapons
 a - a +1 shortbow (weapon)
Missiles
 d - 63 arrows (quivered)
Armour
 b - a +0 cloak (worn)
 c - a +0 leather armour (worn)
Wands
 k - a wand of lightning (11/15)
Scrolls
 e - 2 scrolls of identify {unknown}
 g - a scroll of enchant weapon {unknown}
 h - a scroll of teleportation {unknown}
 i - a scroll of magic mapping {unknown}
 j - a scroll of fog {unknown}
 l - a scroll of fear {unknown}
 o - a scroll of enchant armour {unknown}
Comestibles
 f - a bread ration
 m - 2 meat rations
 n - 2 chunks of flesh
 p - a beef jerky


   Skills:
 - Level 2.0 Fighting
 + Level 6.9 Bows
 - Level 1.3 Dodging
 - Level 0.4 Stealth
 + Level 3.0 Unarmed Combat


You had 3 spell levels left.
You didn't know any spells.

Dungeon Overview and Level Annotations

Branches:
Dungeon (3/15)

Altars:
Elyvilon
Yredelemnul

Annotations:
D:3 HobsGoblin's ghost, amateur HOCj


Innate Abilities, Weirdness & Mutations

You have hooves in place of feet.
Armour fits poorly on your strangely shaped body.
You cover ground very quickly.
You have extremely tough skin. (AC +3)


Message History

You shoot an arrow.
The arrow hits HobsGoblin's ghost but does no damage.
HobsGoblin's ghost is lightly damaged.
Firing (i - inventory):
d - 64 arrows (quivered)
Press: ? - help, Shift-Dir - straight line, f/p - HobsGoblin's ghost
Aim: HobsGoblin's ghost, wielding a weapon of electrocution (lightly damaged)
You shoot an arrow. The arrow hits HobsGoblin's ghost.
HobsGoblin's ghost is lightly damaged.
HobsGoblin's ghost hits you.
* * * LOW HITPOINT WARNING * * *
You are too injured to fight recklessly!
You are too injured to fight recklessly!
You are too injured to fight recklessly!
You are too injured to fight recklessly!
HobsGoblin's ghost points at you and mumbles some strange words.
The magic dart hits you!
* * * LOW HITPOINT WARNING * * *
HobsGoblin's ghost gestures at you while chanting.
The magic dart hits you!
You die...

#.#......(#
.#######.#.#....#
.....>.....)((.(#
######.W#.#....#
##.##.#....#
#..##.#....#
##.##.####.# #####
#.##)# ..# #...#
#@##.# ..# #...#
#....# ≈...≈ #...##
###..##≈..♣ #<...###
#.......... #......##
#.......♣._
#...##..###..........
#...###.........#≈..♣
##### ###########≈≈..
#..


You could see HobsGoblin's ghost.

Vanquished Creatures
  6 adders (D:2)
  2 oozes
  2 leopard geckos
  An orc (D:3)
  A giant cockroach (D:1)
  7 goblins
  9 hobgoblins
  3 jackals
  2 quokkas (D:2)
  8 bats
  2 frilled lizards (D:2)
  9 kobolds
  4 rats
56 creatures vanquished.

Notes
Turn   | Place    | Note
-------+----------+-------------------------------------------
     0 | D:1      | Lianjan the Centaur Hunter began the quest for the Orb.
     0 | D:1      | Reached XP level 1. HP: 17/17 MP: 1/1
   546 | D:1      | Reached skill level 1 in Unarmed Combat
   597 | D:1      | Reached XP level 2. HP: 15/24 MP: 2/2
  1119 | D:1      | Reached skill level 6 in Bows
  1400 | D:1      | Reached XP level 3. HP: 7/29 MP: 3/3
  2284 | D:2      | Found a basalt altar of Yredelemnul.
  2463 | D:2      | Reached XP level 4. HP: 33/36 MP: 4/4
  3272 | D:3      | Found a white marble altar of Elyvilon.
  3514 | D:3      | Noticed HobsGoblin's ghost (amateur HOCj)
  3524 | D:3      | HP: 1/36 [HobsGoblin's ghost/magic dart (7)]
  3531 | D:3      | Killed from afar by HobsGoblin's ghost

Vault maps used:
D:1:      sevenhm_arrival_forest_fort_small_5
D:2:      yredelemnul_altar_generic, grunt_ministairs_11
D:3:      nicolae_overflow_crystal_walls, elyvilon_altar_4, feat_on_display,
          uniq_robin, uniq_jessica, uniq_iyjb

Skill      XL: |  1  2  3  4 |
---------------+-------------+-----
Unarmed Combat | 1 2 3 |  3.0
Bows           | 6 |  6.9
Fighting       | |  2.0
Dodging        | |  1.3
Stealth        | |  0.4

Action                   |  1- 3 |  4- 6 || total
-------------------------+-------+-------++-------
Melee: Unarmed           |   200 |    74 ||   274
       Kick              |    27 |     9 ||    36
       Punch             |       |     1 ||     1
 Fire: Shortbow          |    29 |    23 ||    52
  Eat: Chunk             |     4 |     3 ||     7
Armor: Leather armour    |   117 |    26 ||   143
Dodge: Dodged            |   142 |    35 ||   177
